 Dungeon Crawl Stone Soup version 0.29.1-2-gbd0b4ee654 (console) character file.

Game seed: 2907400157328965673

14949 om the Basher (level 11, -6/97 HPs)
             Began as a Troll Berserker on Oct 28, 2022.
             Was a High Priest of Trog.
             Killed from afar by a balrug (41 damage)
             ... with a bolt of fire
             ... on level 1 of the Abyss.
             The game lasted 00:28:41 (9400 turns).

om the Basher (Troll Berserker)                     Turns: 9400, Time: 00:28:41

Health: -6/97      AC: 21    Str: 29    XL:     11   Next: 95%
Magic:  0/10       EV:  5    Int:  3    God:    Trog [*****.]
Gold:   1195       SH: 28    Dex: 11    Spells: 10/10 levels left

rFire   . . .      SeeInvis .   H - +2 flail (protect)
rCold   + . .      Faith    .   g - +18 shield of the Gong {rElec rN+ Will+ EV-5}
rNeg    + . .      Spirit   +   j - +0 acid dragon scales
rPois   .          Reflect  .   (helmet restricted)
rElec   +          Harm     .   (no cloak)
rCorr   +          Rampage  .   (gloves unavailable)
Will    +....                   (boots unavailable)
Stlth   +.........              m - amulet of guardian spirit
HPRegen 1.06/turn               l - ring of protection from cold
MPRegen 0.12/turn               o - +4 ring of protection

@: under a protective aura
A: large, unfitting armour, claws 3, regeneration 1, shaggy fur 1, tough skin 1
a: Renounce Religion, Berserk, Trog's Hand, Brothers in Arms


You were on level 1 of the Abyss.
You worshipped Trog.
Trog was extremely pleased with you.
You visited 1 branch of the dungeon, and saw 11 of its levels.
You visited the Abyss 1 time.
You also visited: Ossuary.

You collected 1213 gold pieces.
You spent 18 gold pieces at shops.

Inventory:

Hand Weapons
 i - a +2 whip of protection
 y - a +0 whip of freezing
 H - a +2 flail of protection (weapon)
Missiles
 v - a throwing net (quivered)
Armour
 g - the +18 shield of the Gong (worn) {rElec rN+ Will+ EV-5}
   (You acquired it on level 3 of the Dungeon)

   It is deafeningly noisy when blocking attacks.
   EV:        It affects your evasion (-5).
   rElec:     It insulates you from electricity.
   rN:        It protects you from negative energy.
   Will:      It increases your willpower.
 j - +0 acid dragon scales (worn)
Jewellery
 a - an amulet of the acrobat
 l - a ring of protection from cold (left claw)
 m - an amulet of guardian spirit (around neck)
 o - a +4 ring of protection (right claw)
 q - an amulet of faith
Wands
 p - a wand of polymorph (11)
 E - a wand of mindburst (11)
 G - a wand of flame (24)
 K - a wand of acid (1)
Scrolls
 b - a scroll of amnesia {unknown}
 h - 3 scrolls of blinking
 r - 2 scrolls of fear
 s - 3 scrolls of magic mapping
 u - a scroll of summoning
 x - 2 scrolls of poison
 I - a scroll of immolation {unknown}
 J - 2 scrolls of teleportation
Potions
 c - a potion of might {unknown}
 d - 12 potions of curing
 e - a potion of magic {unknown}
 f - 2 potions of resistance
 k - 3 potions of brilliance
 n - 3 potions of haste
 t - 3 potions of attraction {unknown}
 w - 2 potions of cancellation {unknown}
 z - 2 potions of lignification {unknown}
 A - a potion of invisibility
 B - a potion of degeneration {unknown}
 C - a potion of heal wounds
 F - 2 potions of flight {unknown}


   Skills:
 + Level 3.1 Fighting
 * Level 10.1 Maces & Flails
 * Level 8.8 Armour
 - Level 6.0 Dodging
 - Level 10.0 Shields


You had 10 spell levels left.
You didn't know any spells.
Your spell library was empty.

Dungeon Overview and Level Annotations

Branches:
Dungeon (11/15)            Temple (0/1) D:5            Lair (0/5) D:9
Ossuary (visited)
    Orc: D:9-12

Altars:
Dithmenos
The Shining One

Shops:
D:4 *   D:8 (   D:10 [

Portals:
Trove: D:10 (give 2 scrolls of acquirement)

Annotations:
D:8 3 runed translucent doors, hilljack's ghost, novice TrMo
D:11 Erolcha


Innate Abilities, Weirdness & Mutations

You are too large for most types of armour.
You have claws for hands.
Your natural rate of healing is unusually fast.
You are covered in fur. (AC +1)
You have tough skin. (AC +1)


Message History

The raiju is lightly wounded.
You block the raiju's attack.
GONNNNG!
You hear a shout!
You hear a hideous shriek!
You hear a bark!
You miss the raiju.
The raiju is lightly wounded.
A balrug comes into view. It is wielding a +0 demon whip.
You block the raiju's attack.
BOUMMMMG!
You hear a chilling moan.
You sock the raiju!
The raiju is heavily wounded.
You block the raiju's attack.
GONNNNG!
You block the balrug's attack.
GONNNNG!
You hear a bark!
You sock the raiju!
The raiju is severely wounded.
The balrug hits you with a +0 demon whip!
You are engulfed in flames!!
You block the raiju's attack.
PTOANNNG!
You hear a bark!
You miss the raiju.
The raiju is severely wounded.
You block the balrug's attack.
GONNNNG!
The raiju bites you but does no damage.
You hear a horrible gurgling sound!
You sock the balrug!
The balrug is lightly wounded.
The balrug hits you with a +0 demon whip!!
You are engulfed in flames!!
You block the raiju's attack.
PTOANNNG!
You hear a loud rustle.
Something shouts, "Away with thee, thou currish rude-growing nobody!"
You thump the balrug!
The balrug is moderately wounded.
You block the balrug's attack.
GONNNNG!
You block the raiju's attack.
PANG!
You hear a bark! x2
The balrug gestures at you. The bolt of fire hits you!!!
You die...

... ##..
###...
##....##
#......
.....####
###h#.#.#
#
##2.....#
#
#@#.###..#
###.# #
#.... #
###.#..
#.. ..#
..## .# ..
. .. .# #.
... # # .
.... .


You could see a balrug and a raiju.

Vanquished Creatures
  2 two-headed ogres (D:11)
  Erica (D:7)
  Nergalle (D:10)
  Lodul (D:10)
  Pikel (D:7)
  Joseph (D:7)
  Maggie (D:10)
  3 kobold demonologists (D:9)
  An unseen horror (D:10)
  2 guardian mummies (D:10)
  A troll (D:7)
  Prince Ribbit (D:7)
  A shadow (D:8)
  18 yaks
  2 wraiths
  6 wyverns
  2 steam dragons
  A chaos spawn (Abyss:1)
  4 acid dragons
  5 water moccasins
  2 ice beasts
  3 orc warriors
  6 ogres (D:10)
  A centaur (D:10)
  A phantom (D:6)
  An elf zombie (Ossuary)
  4 lemures (D:7)
  A kobold brigand (D:9)
  2 gnoll sergeants
  3 bullfrogs
  2 scorpions
  9 wights
  17 killer bees
  2 howler monkeys (D:10)
  2 centaur zombies (Ossuary)
  4 hounds
  A jelly (D:5)
  3 orc priests
  A human zombie (Ossuary)
  4 iguanas
  6 orc wizards
  A hound zombie (Ossuary)
  3 mummies (Ossuary)
  7 gnolls
  8 adders
  A shadow imp (D:6)
  4 adder zombies (Ossuary)
  A worm (D:4)
  6 dart slugs
  37 orcs
  10 ball pythons
  5 endoplasms
  2 giant cockroaches
  3 gnoll zombies (Ossuary)
  5 goblins
  8 hobgoblins
  4 jackals (D:3)
  12 kobolds
  4 quokkas
  5 bats
  2 frilled lizards (D:1)
  4 goblin zombies (Ossuary)
  4 hobgoblin zombies (Ossuary)
  A jackal zombie (Ossuary)
  2 kobold zombies (Ossuary)
  3 orc zombies (Ossuary)
  6 quokka zombies (Ossuary)
  5 rats
  2 rat zombies (Ossuary)
285 creatures vanquished.

Vanquished Creatures (others)
  6 bushes (D:9)
  4 fungi
  19 plants (D:9)
29 creatures vanquished.

Grand Total: 314 creatures vanquished

Notes
Turn   | Place    | Note
-------+----------+-------------------------------------------
     0 | D:1      | om the Troll Berserker began the quest for the Orb.
     0 | D:1      | Reached XP level 1. HP: 22/22 MP: 0/0
    87 | D:1      | Reached XP level 2. HP: 29/29 MP: 1/1
   388 | D:1      | Reached ** piety under Trog
   389 | D:1      | Reached XP level 3. HP: 36/36 MP: 2/2
   856 | D:2      | Found a glowing golden altar of the Shining One.
  1254 | D:3      | Reached XP level 4. HP: 44/44 MP: 3/3
  1273 | D:3      | Identified a scroll of acquirement
  1273 | D:3      | Acquired the +18 shield of the Gong {rElec rN+ Will+ EV-5}
  1273 | D:3      | Found the +18 shield of the Gong {rElec rN+ Will+ EV-5}
  1489 | D:3      | Noticed a scorpion
  1506 | D:3      | Killed a scorpion
  1507 | D:3      | Reached skill level 1 in Shields
  1507 | D:3      | Reached XP level 5. HP: 53/53 MP: 4/4
  2603 | D:4      | Reached XP level 6. HP: 61/61 MP: 5/5
  2708 | D:4      | Found Ibiogreufu's CLEARANCE SALE!.
  2715 | D:4      | Bought a scroll of identify for 6 gold pieces
  2715 | D:4      | Bought a scroll of poison for 12 gold pieces
  2818 | D:5      | Entered Level 5 of the Dungeon
  2848 | D:5      | Noticed an ice beast
  2867 | D:5      | Killed an ice beast
  2869 | D:5      | Reached *** piety under Trog
  2870 | D:5      | Reached skill level 5 in Maces & Flails
  2966 | D:5      | Found a shadowy altar of Dithmenos.
  3002 | D:5      | Found a staircase to the Ecumenical Temple.
  3286 | D:6      | Noticed a water moccasin
  3297 | D:6      | Killed a water moccasin
  3298 | D:6      | Reached XP level 7. HP: 65/67 MP: 6/6
  3420 | D:6      | Found a sand-covered staircase.
  3429 | Ossuary  | Entered an ossuary
  3635 | Ossuary  | Reached **** piety under Trog
  3825 | D:6      | Reached XP level 8. HP: 75/75 MP: 7/7
  3843 | D:6      | Reached skill level 5 in Shields
  4377 | D:6      | Identified the +1 pair of gloves of Quteykerch {rF+ Dex+4}
  4580 | D:7      | Noticed Joseph
  4607 | D:7      | Killed Joseph
  4608 | D:7      | Reached skill level 5 in Dodging
  4612 | D:7      | Reached XP level 9. HP: 21/81 MP: 2/8
  5039 | D:8      | Noticed Pikel
  5046 | D:8      | Noticed Erica
  5214 | D:8      | Noticed a troll
  5237 | D:7      | Killed a troll
  5318 | D:7      | Reached skill level 1 in Armour
  5353 | D:8      | Noticed Prince Ribbit
  5369 | D:7      | Killed Pikel
  5429 | D:7      | Killed Prince Ribbit
  5452 | D:7      | Reached XP level 10. HP: 91/91 MP: 6/9
  5598 | D:7      | Killed Erica
  5714 | D:8      | Found Ikkest's Weapon Shoppe.
  5829 | D:8      | Noticed a lindwurm
  5942 | D:8      | Noticed a lindwurm
  5942 | D:8      | Noticed a lindwurm
  6000 | D:8      | Noticed a lindwurm
  6220 | D:8      | Found a runed translucent gate.
  6221 | D:8      | Found a runed translucent gate.
  6221 | D:8      | Noticed hilljack's ghost (novice TrMo)
  6222 | D:8      | Found a runed translucent gate.
  6480 | D:9      | Noticed a sixfirhy
  6502 | D:9      | Noticed a rust devil
  6720 | D:9      | Reached ***** piety under Trog
  6819 | D:9      | Reached skill level 5 in Armour
  6904 | D:9      | Reached XP level 11. HP: 91/97 MP: 8/10
  6922 | D:9      | Reached skill level 10 in Maces & Flails
  7090 | D:9      | Found a staircase to the Lair.
  7244 | D:9      | Identified the +1 short sword of Exoneration {venom, Fly
                  | Int-5 Dex+4}
  7379 | D:9      | Found the +10 tower shield of Ignorance {rN+ Int-4}
  7420 | D:10     | Entered Level 10 of the Dungeon
  7578 | D:10     | Found Seff's Armour Shoppe.
  7755 | D:10     | Noticed Lodul
  7800 | D:10     | Killed Lodul
  7801 | D:10     | Reached skill level 10 in Shields
  7832 | D:10     | Noticed Nergalle
  7867 | D:10     | Noticed Maggie
  7886 | D:10     | Killed Nergalle
  7886 | D:10     | Identified the +8 giant club "Fuulops" {vorpal, rPois
                  | Str+6} (Trog gifted it to you on level 10 of the Dungeon)
  7886 | D:10     | Received a gift from Trog
  7904 | D:10     | Killed Maggie
  8364 | D:10     | Found a portal to a secret trove of treasure.
  9039 | D:11     | Noticed a two-headed ogre
  9092 | D:11     | Killed a two-headed ogre
  9099 | D:11     | Noticed a two-headed ogre
  9164 | D:11     | Killed a two-headed ogre
  9317 | D:11     | Noticed Erolcha
  9317 | Abyss:1  | Cast into level 1 of the Abyss (Erolcha)
  9394 | Abyss:1  | Noticed a balrug
  9400 | Abyss:1  | Killed from afar by a balrug

Illustrated notes

Levels and vault maps discovered:
D:1:      dpeg_arrival_lava_temple_mockup, layout_basic,
          hangedman_decor_peaks_small, hangedman_decor_growths,
          dreamdust_mushroom_princess
D:2:      layout_basic, basic_altar, kennysheep_generic_room_6
D:3:      layout_basic
D:4:      layout_cave_pods, nicolae_shop_clearance
D:5:      layout_cave_pools, grunt_dithmenos_smoke_and_mirrors,
          minmay_temple_entry_crystal_x
D:6:      layout_loops_ring, lightli_ossuary_entry_decrepit_ruins
D:7:      layout_basic, uniq_joseph
D:8:      layout_rooms, special_room [special_room_orc], serial_shops,
          nicolae_shop_bloodbath_and_beyond, biasface_ghost_orc_armoury,
          minmay_lindwurm_lava, uniq_prince_ribbit1, uniq_pikel, uniq_erica
D:9:      layout_loops_ring, minmay_lair_entry_grove
D:10:     layout_basic, serial_shops, shop_fountains,
          nicolae_trove_entry_path_of_doom, uniq_nergalle, uniq_lodul,
          uniq_maggie
D:11:     layout_loops_ring, uniq_erolcha
Abyss:1:  base:
D:10

Skill      XL: |  1  2  3  4  5  6  7  8  9 10 11 |
---------------+----------------------------------+-----
Maces & Flails | 3 4 5 6 7 8 9 10 | 10.1
Fighting       | 3 |  3.1
Dodging        | 3 4 5 6 |  6.0
Shields        | 1 2 3 4 6 7 9 10 | 10.0
Armour         | 2 5 8 |  8.8

Action                   |  1- 3 |  4- 6 |  7- 9 | 10-12 || total
-------------------------+-------+-------+-------+-------++-------
Melee: Mace              |    69 |       |       |       ||    69
       Whip              |    48 |   151 |   514 |   802 ||  1515
       Flail             |       |       |       |    67 ||    67
Invok: Berserk           |     1 |     1 |     6 |     5 ||    13
  Use: Scroll            |     2 |     8 |     7 |     3 ||    20
 Stab: Sleeping          |     1 |       |       |       ||     1
Armor: Animal skin       |    54 |    31 |   105 |     4 ||   194
       Steam dragon scal |       |       |       |    37 ||    37
       Acid dragon scale |       |       |       |    47 ||    47
Dodge: Dodged            |    82 |     9 |    43 |    33 ||   167
Block: Kite shield       |       |   162 |   562 |   760 ||  1484
